 Dungeon Crawl Stone Soup version 0.16-a0-890-g98fc465 (webtiles) character file.

137 Ololoev the Chucker (level 5, -2/50 HPs)
             Began as an Ogre Hunter on Sept 29, 2014.
             Was a Plaything of Xom.
             Slain by a gnoll
             ... wielding a +2 halberd of distortion
              (21 damage)
             ... on Level 3 of the Dungeon.
             The game lasted 00:05:43 (2111 turns).

Ololoev the Chucker (Ogre Hunter)                   Turns: 2111, Time: 00:05:44

HP  -2/50        AC  4     Str 17      XL: 5   Next: 20%
MP   5/5         EV 10     Int 10      God: Xom
Gold 143         SH  0     Dex 11      Spells:  0 memorised,  4 levels left

rFire  + . .     SeeInvis +     a - +1 club
rCold  . . .     Clarity  .     d - +0 animal skin
rNeg   . . .     rCorr    .     (shield restricted)
rPois  .         rRot     .     (helmet restricted)
rElec  .         Spirit   .     m - +0 cloak
SustAb .         Warding  .     (gloves unavailable)
rMut   .         Stasis   .     (boots unavailable)
Gourm  .                        (no amulet)
MR     .....                    x - ring of see invisible
                                j - ring of protection from fire

@: about to teleport, slowed, very slow, not resistant to hostile enchantments,
very unstealthy
A: unfitting armour, tough skin 1
a: Renounce Religion


You were on level 3 of the Dungeon.
You worshipped Xom.
You were a toy of Xom.
You were not hungry.

You visited 1 branch of the dungeon, and saw 3 of its levels.

You collected 143 gold pieces.

Inventory:

Hand weapons
 a - a +1 club (weapon)
Missiles
 b - 5 large rocks
 c - 2 throwing nets
 i - 5 javelins of returning (quivered)
Armour
 d - a +0 animal skin (worn)
 m - a +0 cloak (worn)
Magical devices
 k - a wand of fireball (2) {unknown}
Comestibles
 f - 5 meat rations
 n - 3 bread rations
Scrolls
 e - a scroll of amnesia {unknown}
 g - a scroll of random uselessness {unknown}
 h - a scroll of magic mapping {unknown}
 l - a scroll of immolation {unknown}
 o - 5 scrolls of identify {unknown}
 q - a scroll of recharging {unknown}
 r - 3 scrolls of teleportation {unknown}
 s - 3 scrolls of remove curse {unknown}
Jewellery
 j - a ring of protection from fire (left hand)
 x - a ring of see invisible (right hand)


   Skills:
 - Level 2.6 Fighting
 * Level 5.0 Maces & Flails
 + Level 5.5 Throwing
 - Level 1.7 Dodging
 - Level 0.7 Stealth


You had 4 spell levels left.
You didn't know any spells.

Dungeon Overview and Level Annotations

Branches:
Dungeon (3/15)

Altars:
Cheibriados
Xom


Innate Abilities, Weirdness & Mutations

You are too large for most types of armour.
You have tough skin (AC +1).


Message History

The gnoll is heavily wounded.
The gnoll hits you. The gnoll barely misses you.
You hit the gnoll.
The gnoll is severely wounded.
The gnoll hits you but does no damage. x2
You hit the gnoll.
The gnoll is almost dead.
The gnoll zaps a wand.
You feel yourself slow down.
You closely miss the gnoll.
The gnoll is almost dead.
The gnoll hits you with a halberd of distortion.
Space bends around you.
The gnoll zaps a wand.
You easily resist.
The gnoll hits you with a halberd of distortion!
You feel strangely unstable.
The gnoll zaps a wand.
You easily resist.
You barely miss the gnoll.
The gnoll is almost dead.
The gnoll closely misses you.
The gnoll hits you with a halberd of distortion.
Space warps horribly around you!
You die...

# #.##########........#
###.# #........#
.##.### #........#
......# #........#
...##.# #)%......# ...#
#........# ..##
.#####........# ..#
#..............#
..#####..#####..@g....#
........$.# ####g#####
....#####.. ....
..#....# .K...#
..####.# #.K_..# ..#
#..# #.....# ..# ##...
####### #.#########
#........##


You could see 2 gnolls.

Vanquished Creatures
  An orc priest (D:3)
  An orc wizard (D:3)
  An ogre skeleton (D:3)
  An adder (D:2)
  A giant gecko (D:1)
  An ooze (D:1)
  3 orcs (D:3)
  9 bats
  13 goblins
  7 hobgoblins
  4 kobolds
  A quokka (D:3)
  A ball python (D:1)
  3 giant cockroaches (D:1)
  10 rats
57 creatures vanquished.

Notes
Turn   | Place    | Note
--------------------------------------------------------------
     0 | D:1      | Ololoev, the Ogre Hunter, began the quest for the Orb.
     0 | D:1      | Reached XP level 1. HP: 22/22 MP: 1/1
    62 | D:1      | Found a shimmering altar of Xom.
    77 | D:1      | Reached XP level 2. HP: 14/29 MP: 2/2
   203 | D:1      | Became a worshipper of Xom of Chaos
   535 | D:1      | Reached XP level 3. HP: 33/36 MP: 3/3
   734 | D:1      | XOM: divination: detect creatures
   867 | D:2      | XOM: silly message
  1239 | D:3      | Reached skill level 5 in Throwing
  1340 | D:3      | Reached XP level 4. HP: 35/44 MP: 4/4
  1483 | D:3      | XOM: potion effect (agility)
  1493 | D:3      | XOM: divination: detect items
  1513 | D:3      | Reached skill level 5 in Maces & Flails
  1513 | D:3      | Reached XP level 5. HP: 13/50 MP: 3/5
  1876 | D:3      | XOM: silly message
  1988 | D:3      | XOM: harmless Hex miscast
  2094 | D:3      | Found a snail-covered altar of Cheibriados.
  2111 | D:3      | Slain by a gnoll

Action                   |  1- 3 |  4- 6 || total
-------------------------+-------+-------++-------
Melee: Club              |   178 |    78 ||   256
 Fire: Hunting sling     |     2 |       ||     2
Throw: Javelin           |       |     4 ||     4
  Use: Potion            |       |     1 ||     1
  Eat: Chunk             |     2 |     2 ||     4
